 Dungeon Crawl Stone Soup version 0.23-a0-650-ga4d50d4 (webtiles) character file.

89 Lanoc the Skirmisher (level 4, 0/40 HPs)
             Began as a Hill Orc Fighter on Jan 6, 2019.
             Succumbed to Crazy Yiuf's poison
             ... on level 2 of the Dungeon.
             The game lasted 00:02:22 (1119 turns).

Lanoc the Skirmisher (Hill Orc Fighter)             Turns: 1119, Time: 00:02:22

Health: 0/40       AC:  7    Str: 19    XL:     4   Next: 55%
Magic:  3/4        EV:  7    Int:  8    God:
Gold:   135        SH:  9    Dex: 10    Spells: 3/3 levels left

rFire    . . .     SeeInvis .   a - +0 war axe
rCold    . . .     Gourm    .   c - +0 shield
rNeg     . . .     Faith    .   b - +0 scale mail
rPois    .         Spirit   +   (no helmet)
rElec    .         Reflect  .   k - scarf {Spirit}
rCorr    .         Harm     .   (no gloves)
MR       .....                  (no boots)
Stlth    ..........             (no amulet)
HPRegen  0.13/turn              l - ring of attention
MPRegen  0.09/turn              (no ring)

@: lethally poisoned (0 -> -15), about to teleport
A: no striking features
a: no special abilities


You were on level 2 of the Dungeon.
You were hungry.

You visited 1 branch of the dungeon, and saw 3 of its levels.

You collected 135 gold pieces.

Inventory:

Hand Weapons
 a - a +0 war axe (weapon)
Armour
 b - a +0 scale mail (worn)
 c - a +0 shield (worn)
 k - a scarf of spirit shield (worn)
Jewellery
 l - a ring of attention (left hand)
Scrolls
 g - a scroll of teleportation
 h - a scroll of enchant weapon {unknown}
 i - 2 scrolls of immolation {unknown}
 m - 2 scrolls of identify {unknown}
 o - a scroll of noise {unknown}
Potions
 d - a potion of might
 j - a potion of agility
Comestibles
 f - 6 rations


   Skills:
 + Level 4.1 Fighting
 * Level 4.1 Axes
 + Level 3.7 Armour
 + Level 1.1 Dodging
 + Level 3.8 Shields


You had 3 spell levels left.
You didn't know any spells.
Your spell library was empty.

Dungeon Overview and Level Annotations

Branches:
Dungeon (3/15)

Altars:
Ashenzari
Ru
Sif Muna
Yredelemnul


Message History

* * * LOW HITPOINT WARNING * * *
You feel sick.
* * * LOW HITPOINT WARNING * * *
You feel sick.
Things that are here:
a +2 quarterstaff of chaos; a +0 cloak; the gnoll corpse of Crazy Yiuf You butcher the gnoll corpse of Crazy Yiuf.
* * * LOW HITPOINT WARNING * * *
You feel sick.
Items here: % ) [ ÷ a +2 quarterstaff of chaos; a +0 cloak; 4 chunks of flesh the gnoll skeleton of Crazy Yiuf
As you read the scroll labeled PISHUA MUICSOACH, it crumbles to dust.
You feel strangely unstable.
It was a scroll of teleportation.
* * * LOW HITPOINT WARNING * * *
You feel sick.
As you read the scroll labeled SUNKUE LUNYILOTI, it crumbles to dust.
You feel as if something is helping you.
It was a scroll of remove curse.
You die...

#....##......# #.#.#
#.#.# #....#########
#.#.# #.#.# #....#
#.#[# #.#.### #....#
##### #...... ######
###.### #...# #####
♣♣######## #)..#♣♣
♣♣..#.....#
#..@'.♣♣♣♣......##.#
#...#♣..♣......###.#
#####♣♣♣.♣...### #.#
♣♣♣♣♣## #.# #..
#############..
#..........##..
#..........##.#
#..........##.#


There were no monsters in sight!

Vanquished Creatures
  Crazy Yiuf (D:2)
  An orc wizard (D:2)
  An ooze (D:2)
  A dart slug (D:1)
  A leopard gecko (D:2)
  3 bats
  3 giant cockroaches (D:2)
  4 goblins
  4 hobgoblins
  2 quokkas
  3 kobolds
  4 rats (D:2)
28 creatures vanquished.

Notes
Turn   | Place    | Note
-------+----------+-------------------------------------------
     0 | D:1      | Lanoc the Hill Orc Fighter began the quest for the Orb.
     0 | D:1      | Reached XP level 1. HP: 19/19 MP: 1/1
   285 | D:2      | Reached XP level 2. HP: 27/27 MP: 2/2
   422 | D:2      | Found a sacrificial altar of Ru.
   433 | D:2      | Reached XP level 3. HP: 27/33 MP: 3/3
   452 | D:3      | Noticed a phantom
   469 | D:2      | Reached skill level 1 in Dodging
   529 | D:2      | Found a basalt altar of Yredelemnul.
   637 | D:2      | Found a deep blue altar of Sif Muna.
   644 | D:2      | Found a shattered altar of Ashenzari.
   655 | D:2      | Reached XP level 4. HP: 25/40 MP: 4/4
   693 | D:2      | Found a runed door.
  1104 | D:2      | Noticed Crazy Yiuf
  1113 | D:2      | Killed Crazy Yiuf
  1117 | D:2      | HP: 2/40 [poisoned by Crazy Yiuf]
  1119 | D:2      | Succumbed to Crazy Yiuf's poison

Vault maps used:
D:1:      lightli_arrival_statue_moat, minivault_24, st_stairs_5
D:2:      yredelemnul_altar_generic, nicolae_ru_great_annihilating_truth,
          amethyst_overflow_temple_binary, uniq_crazy_yiuf_cottage
D:3:      okawaru_gym_becter

Skill      XL: |  1  2  3  4 |
---------------+-------------+-----
Axes           | 3 4 |  4.1
Fighting       | 4 |  4.1
Dodging        | 1 |  1.1
Armour         | |  3.7
Shields        | |  3.8

Action                   |  1- 3 |  4- 6 || total
-------------------------+-------+-------++-------
Melee: War axe           |    55 |    19 ||    74
  Use: Scroll            |       |     2 ||     2
       Potion            |       |     2 ||     2
 Stab: Paralysed         |     1 |       ||     1
Armor: Scale mail        |    32 |     3 ||    35
Dodge: Dodged            |    25 |     3 ||    28
Block: Shield            |    34 |    11 ||    45

Table legend:
 A = Non-vault XP
 B = Vault XP
 C = Vault XP percentage of total XP
 D = Non-vault monster count
 E = Vault monster count
 F = Vault count percentage of total count
                 A         B        C        D         E       F
            +---------+---------+-------+---------+---------+-------
      Total |      50 |      78 |  60.9 |      23 |       5 |  17.9
            +---------+---------+-------+---------+---------+-------
        D:1 |       9 |       0 |   0.0 |       4 |       0 |   0.0
        D:2 |      33 |      78 |  70.3 |      15 |       5 |  25.0
        D:3 |       8 |       0 |   0.0 |       4 |       0 |   0.0
            +---------+---------+-------+---------+---------+-------
